 Dungeon Crawl Stone Soup version 0.30-a0-305-g026cb31310 (webtiles) character file.

Game seed: 851134518335303861

4014 Sobieck the Placeless Ghoul (level 10, -3/81 HPs)
             Began as a Ghoul Warper on Oct 21, 2022.
             Was a Priest of Cheibriados.
             Killed by divine providence
             ... invoked by an orc priest
              (11 damage)
             ... on level 8 of the Dungeon.
             The game lasted 00:16:27 (6653 turns).

Sobieck the Placeless Ghoul (Ghoul Warper)          Turns: 6653, Time: 00:16:28

Health: -3/81      AC: 15    Str: 30    XL:     10   Next: 23%
Magic:  18/18      EV: 10    Int: 22    God:    Cheibriados [***...]
Gold:   335        SH:  0    Dex: 14    Spells: 13/21 levels left

rFire   . . .      SeeInvis .      - Unarmed
rCold   + . .      Faith    .    (no shield)
rNeg    + + +      Spirit   .    m - +4 chain mail
rPois   ∞          Reflect  .    f - +0 helmet
rElec   .          Harm     .    o - +0 cloak
rCorr   .          Rampage  .    (no gloves)
Will    .....                    d - +0 pair of boots
Stlth   ..........               (no amulet)
HPRegen 0.00/turn                I - +6 ring of strength
MPRegen 0.16/turn                n - +6 ring of intelligence

@: inhibited regen, very slow
A: claws 1, cold resistance 1, negative energy resistance 3, inhibited
regeneration, torment resistance 2, devour on kill
a: Renounce Religion, Bend Time, Temporal Distortion


You were on level 8 of the Dungeon.
You worshipped Cheibriados.
Cheibriados was most pleased with you.
You visited 2 branches of the dungeon, and saw 9 of its levels.

You collected 335 gold pieces.


Innate Abilities, Weirdness & Mutations

You are immune to poison.
You have sharp fingernails.
Your flesh is cold resistant. (rC+)
You are immune to negative energy. (rN+++)
You do not regenerate when monsters are visible.
You are immune to unholy pain and torment.
You thrive by killing the living.


   Skills:
 - Level 5.0 Fighting
 - Level 0.8 Throwing
 - Level 2.0 Armour
 - Level 3.0 Dodging
 - Level 7.0 Unarmed Combat
 - Level 6.0 Spellcasting
 + Level 9.3 Translocations
 - Level 2.0 Invocations


You had 13 spell levels left.
You knew the following spells:

 Your Spells              Type           Power      Damage    Failure   Level
a - Blink                 Tloc           94%        N/A       1%          2
b - Lesser Beckoning      Tloc           94%        N/A       3%          3
c - Teleport Other        Tloc           47%        N/A       3%          3

Your spell library contained the following spells:

 Spells                   Type           Power      Damage    Failure   Level
 Manifold Assault         Tloc           47%        N/A       11%         4
 Portal Projectile        Hex/Tloc       54%        N/A       22%         3
 Vhi's Electric Charge    Tloc/Air       54%        N/A       22%         3
 Freeze                   Ice            24%        1d4       43%         1
 Necrotise                Necr           24%        1d5       43%         1
 Summon Small Mammal      Summ           24%        N/A       43%         1
 Ensorcelled Hibernation  Hex/Ice        12%        N/A       58%         2
 Passwall                 Tmut/Erth      5%         N/A       58%         2
 Call Canine Familiar     Summ           6%         N/A       82%         3
 Frozen Ramparts          Ice            12%        1d2       82%         3
 Hailstorm                Conj/Ice       6%         3d4       82%         3
 Inner Flame              Hex/Fire       6%         N/A       82%         3
 Summon Guardian Golem    Hex/Summ       6%         N/A       82%         3
 Swiftness                Air            6%         N/A       82%         3
 Tukima's Dance           Hex            6%         N/A       82%         3
 Vampiric Draining        Necr           6%         2d6       82%         3
 Summon Forest            Summ/Tloc      13%        N/A       89%         5
 Flame Wave               Conj/Fire      6%         2d5       99%         4
 Sticky Flame             Conj/Fire      6%         2d3       99%         4
 Agony                    Necr           6%         N/A       100%        5
 Eringya's Noxious Bog    Tmut/Pois      3%         N/A       100%        6
 Summon Hydra             Summ           3%         N/A       100%        7
 Beastly Appendage        Tmut           Unusable   N/A       N/A         1
 Wereblood                Tmut           Unusable   N/A       N/A         2
 Spider Form              Tmut/Pois      Unusable   N/A       N/A         3
 Blade Hands              Tmut           Unusable   N/A       N/A         5

Inventory:

Hand Weapons
 a - a +1 shortbow of electrocution {bow}
   (You took it off a centaur on level 7 of the Dungeon)
 h - a +0 club {mace}
   (You took it off a gnoll on level 1 of the Dungeon)
 i - a +2 rapier of freezing {short}
   (You found it on level 4 of the Dungeon)
 q - a +0 whip {mace}
   (You found it on level 1 of the Dungeon)
 x - a +0 sling
   (You took it off a kobold brigand on level 7 of the Dungeon)
Missiles
 c - 7 boomerangs of dispersal {=f!fthrowing}
 g - 35 stones (quivered) {throwing}
 l - 9 poisoned darts {throwing}
 C - 5 atropa-tipped darts {throwing}
 F - 3 curare-tipped darts {=fthrowing}
Armour
 d - a +0 pair of boots (worn)
   (You found it on level 7 of the Dungeon)
 f - a +0 helmet (worn)
   (You found it on level 1 of the Dungeon)
 j - a +3 leather armour
   (You took it off a kobold brigand on level 7 of the Dungeon)
 m - a +4 chain mail (worn)
   (You found it on level 1 of the Dungeon)
 o - a +0 cloak (worn)
   (You found it on level 1 of the Dungeon)
 p - a +0 chain mail
   (You found it on level 4 of the Dungeon)
 t - the +1 plate armour of Tasacwae {rElec rF++ Int-4}
   (You found it on level 7 of the Dungeon)

   Int:       It affects your intelligence (-4).
   rF:        It greatly protects you from fire.
   rElec:     It insulates you from electricity.
 A - a +0 leather armour
   (You took it off an orc on level 8 of the Dungeon)
 B - a +2 leather armour of fire resistance
   (You found it on level 6 of the Dungeon)
 G - a +0 robe
   (You took it off Sigmund on level 3 of the Dungeon)
 H - a +0 robe
   (You found it on level 3 of the Dungeon)
 J - a +0 leather armour
   (You took it off an orc on level 4 of the Dungeon)
 K - a +0 chain mail
   (You found it on level 4 of the Dungeon)
 L - a +0 robe
   (You found it on level 5 of the Dungeon)
 R - a +2 robe of resistance
   (You took it off an orc wizard on level 6 of the Dungeon)
 S - a +0 robe
   (You found it on level 6 of the Dungeon)
 T - a +0 chain mail
   (You found it on level 6 of the Dungeon)
 U - a +0 ring mail
   (You took it off an orc on level 6 of the Dungeon)
 V - a +0 robe
   (You took it off a wight on level 6 of the Dungeon)
 W - a +0 robe
   (You took it off a wight on level 6 of the Dungeon)
 X - a +0 robe
   (You took it off a wight on level 6 of the Dungeon)
 Y - a +0 robe
   (You took it off a wight on level 6 of the Dungeon)
 Z - a +0 leather armour
   (You took it off Eustachio on level 6 of the Dungeon)
Magical Staves
 D - a staff of fire {!astaff}
   (You found it on level 4 of the Dungeon)
Jewellery
 n - a +6 ring of intelligence (right claw)
   (You found it on level 1 of the Dungeon)
 v - a ring of positive energy
   (You found it on level 2 of the Dungeon)
 y - a +4 ring of protection
   (You took it off an orc on level 8 of the Dungeon)
 I - a +6 ring of strength (left claw)
   (You found it on level 3 of the Dungeon)
Wands
 O - a wand of paralysis (8)
   (You found it on level 5 of the Dungeon)
Scrolls
 e - 3 scrolls of blinking {!r}
 z - a scroll of poison
 E - 4 scrolls of teleportation {@r4}
 N - a scroll of fear
 P - 2 scrolls of vulnerability {!r!r}
Potions
 b - a potion of brilliance {unknown}
 k - 2 potions of ambrosia
 r - 3 potions of curing {@q1}
 s - a potion of attraction {!q}
 u - 4 potions of flight
 w - a potion of lignification {unknown}
 M - a potion of might {unknown}
 Q - a potion of mutation {unknown}

Dungeon Overview and Level Annotations

Branches:
Dungeon (8/15) Zot: 39915  Temple (1/1) D:5 Zot: 8979
   Lair: D:8-11

Altars:
Ashenzari
Cheibriados
Dithmenos
Fedhas
Gozag
Hepliaklqana
Kikubaaqudgha
Makhleb
Nemelex Xobeh
Okawaru
Qazlal
Ru
Sif Muna
Trog
Vehumet
Wu Jian
Xom
Yredelemnul

Shops:
D:3 [ D:7

(* #..))......#....#
####)......#.#.....#
#######..........#.#####.#
.....##.#........#.......#
...........#.....#########
.....##.#.##.#.#...#
........#.##.#.#.###
......###....#.#.# ......#
######.#@# .# ......#
#.#W###...# ......#
#..oo....# ......#
###.#....... ....
#.#.#.##.# #.#.# # #.#.#
#'#.# ....#


You could see a shadow, an orc priest and an orc.


Message History

Okay, then.
Unknown command.
Okay, then.
Unknown command.
Okay, then.
Unknown command.
Unknown command.
An orc and an orc priest come into view.
The orc shouts!
The orc priest shouts!
You hear a shout!
An orc comes into view. It is wielding a +2 vorpal hand axe.
The orc priest begins to cast a cantrip, but forgets the words!
An orc comes into view. It is wielding a +0 whip.
The orc moves out of view.
Danger!
The orc shouts!
A shadow opens the door.
The orc priest barely misses you. The orc hits you but does no damage.
You barely miss the orc priest.
The orc priest hits you but does no damage.
The orc hits you but does no damage.
Unknown command.
You barely miss the orc priest.
The orc priest hits you but does no damage.
The orc closely misses you.
You claw the orc priest!
The orc priest hits you but does no damage.
The orc closely misses you.
You scratch the orc priest.
The orc priest hits you but does no damage.
The orc barely misses you.
You closely miss the orc priest.
The orc priest calls down the wrath of Beogh upon you.
Beogh smites you! The orc hits you with a +0 dagger.
You closely miss the orc priest.
The shadow slips into darkness.
The shadow flickers and vanishes!
Deactivating autopickup; reactivate with Ctrl-A.
The orc priest hits you but does no damage.
The orc hits you but does no damage.
You barely miss the orc priest.
The shadow strikes at you from the darkness!
Reactivating autopickup.
The orc priest hits you but does no damage.
The orc barely misses you.
You are too injured to fight recklessly!
You are too injured to fight recklessly!
You are too injured to fight recklessly!
You are too injured to fight recklessly!
Unknown command.
The shadow attacks as you move away! The shadow hits you!
The orc attacks as you move away! The orc closely misses you.
The orc priest looks braver for a moment.
The shadow attacks as you move away! The shadow hits you.
The orc attacks as you move away! The orc closely misses you.
The orc barely misses you. The orc completely misses you.
Unknown command.
You closely miss the orc.
Unknown command.
You scratch the orc.
The orc priest miscasts a cantrip.
The orc barely misses you.
You claw the orc!
You kill the orc!
Cheibriados appreciates the change of pace.
You feel better.
The shadow slips into darkness.
The shadow flickers and vanishes!
Deactivating autopickup; reactivate with Ctrl-A.
Unknown command.
The shadow strikes at you from the darkness!
* * * LOW HITPOINT WARNING * * *
Reactivating autopickup.
The shadow hits you.
Things that are here:
a +0 dagger {short}; an orc corpse Unknown command.
You completely miss the shadow. The shadow barely misses you.
The orc priest looks braver for a moment.
Unknown command.
You claw the shadow! The shadow hits you.
You claw the shadow! The shadow hits you!
* * * LOW HITPOINT WARNING * * *
Unknown command.
You feel better.
The shadow slips into darkness.
The shadow flickers and vanishes!
Deactivating autopickup; reactivate with Ctrl-A.
The orc priest looks encouraged for a moment.
Unknown command.
Unknown command.
You barely miss something.
Unknown command.
You scratch something but do no damage.
The shadow strikes at you from the darkness!
* * * LOW HITPOINT WARNING * * *
Reactivating autopickup.
The orc priest mumbles some strange prayers to Beogh against you.
Beogh smites you!
You die...

Skill      XL: |  1  2  3  4  5  6  7  8  9 10 |
---------------+-------------------------------+-----
Fighting       | 3 4 5 |  5.0
Unarmed Combat | 3 4 5 6 7 |  7.0
Armour         | 1 2 |  2.0
Dodging        | 2 3 |  3.0
Spellcasting   | 2 4 6 |  6.0
Translocations | 3 5 8 9 |  9.3
Invocations    | 2 |  2.0
Throwing       | |  0.8

Action                   |  1- 3 |  4- 6 |  7- 9 | 10-12 || total
-------------------------+-------+-------+-------+-------++-------
Melee: Unarmed           |   123 |   118 |   310 |    88 ||   639
       Punch             |       |     2 |    15 |     8 ||    25
 Fire: Sling             |       |       |    10 |       ||    10
       Shortbow          |       |       |     3 |       ||     3
Throw: Stone             |     1 |       |    25 |     9 ||    35
 Cast: Lesser Beckoning  |       |       |       |     1 ||     1
  Use: Scroll            |       |     9 |     8 |       ||    17
       Potion            |       |       |     1 |     1 ||     2
Armor: Leather armour    |     8 |       |       |       ||     8
       Chain mail        |    53 |    70 |   172 |    53 ||   348
Dodge: Dodged            |    41 |    37 |   124 |    39 ||   241

Levels and vault maps discovered:
D:1:      ncdulo_wetmaze, layout_loops_ring, dreamdust_ecumenical_altar_statues,
          nicolae_grassy_gnolls
D:2:      layout_rooms
D:3:      minmay_general_purpose_star, layout_basic, marbit_many_paths,
          serial_shops, shop, kennysheep_nondescript,
          amcnicky_mini_rare_corridor_liquid, uniq_sigmund
D:4:      layout_basic
D:5:      layout_basic, minmay_temple_entry_slanted,
          hangedman_decor_diamond_cutter, minivault_23
D:6:      layout_rooms, uniq_eustachio
D:7:      layout_basic, mainiacjoe_overflow_paths, old_standard_altar,
          zin_purify, serial_shops, nicolae_diamond_shop, grunt_decor_cap,
          minmay_fractal_squares_5, uniq_joseph, uniq_menkaure
D:8:      layout_basic
Temple:   sentei_temple_godly_chess

Notes
Turn   | Place    | Note
-------+----------+-------------------------------------------
     0 | D:1      | Sobieck the Ghoul Warper began the quest for the Orb.
     0 | D:1      | Reached XP level 1. HP: 17/17 MP: 2/2
    87 | D:1      | Found a faded altar of an unknown god.
   153 | D:1      | You pick up a book of Flames and begin reading...
   153 | D:1      | You add the spells Inner Flame, Sticky Flame and Flame Wave
                  | to your library.
   212 | D:1      | Reached XP level 2. HP: 15/25 MP: 3/3
   769 | D:1      | Reached skill level 3 in Fighting
   769 | D:1      | Reached skill level 3 in Unarmed Combat
   832 | D:2      | Reached XP level 3. HP: 27/31 MP: 4/4
   862 | D:2      | You pick up a book of Frost and begin reading...
   862 | D:2      | You add the spells Freeze, Frozen Ramparts and Hailstorm to
                  | your library.
  1006 | D:2      | You pick up a book of Callings and begin reading...
  1006 | D:2      | You add the spells Summon Small Mammal, Call Canine
                  | Familiar and Summon Guardian Golem to your library.
  1393 | D:2      | Reached XP level 4. HP: 32/38 MP: 5/5
  1485 | D:3      | Reached skill level 4 in Fighting
  1485 | D:3      | Reached skill level 4 in Unarmed Combat
  1485 | D:3      | Reached XP level 5. HP: 46/46 MP: 6/6
  1665 | D:3      | Found Gineare's Armour Shoppe.
  1727 | D:3      | Noticed Sigmund
  1749 | D:3      | Killed Sigmund
  1750 | D:3      | Reached skill level 5 in Unarmed Combat
  1750 | D:3      | Reached skill level 1 in Armour
  1750 | D:3      | Reached skill level 2 in Dodging
  1750 | D:3      | Reached skill level 2 in Spellcasting
  1750 | D:3      | Reached XP level 6. HP: 40/52 MP: 6/8
  1922 | D:3      | Learned a level 2 spell: Blink
  1926 | D:3      | Learned a level 3 spell: Lesser Beckoning
  2158 | D:3      | Reached skill level 3 in Translocations
  2365 | D:3      | Found a radiant altar of Vehumet.
  2680 | D:4      | Reached XP level 7. HP: 57/60 MP: 9/9
  3324 | D:5      | Entered Level 5 of the Dungeon
  3392 | D:5      | Reached skill level 2 in Armour
  3522 | D:5      | Found a staircase to the Ecumenical Temple.
  3538 | D:5      | Reached skill level 6 in Unarmed Combat
  3539 | Temple   | Entered the Ecumenical Temple
  3546 | Temple   | Became a worshipper of Cheibriados the Contemplative
  3560 | D:5      | You add the spells Summon Forest, Eringya's Noxious Bog and
                  | Summon Hydra to your library.
  3650 | D:5      | Reached skill level 5 in Fighting
  3650 | D:5      | Reached skill level 3 in Dodging
  3674 | D:5      | Reached XP level 8. HP: 66/68 MP: 11/11
  3899 | D:5      | Reached skill level 3 in Spellcasting
  4009 | D:6      | Reached * piety under Cheibriados
  4010 | D:6      | Reached skill level 4 in Translocations
  4093 | D:6      | Reached skill level 7 in Unarmed Combat
  4381 | D:6      | You pick up a book of Changes and begin reading...
  4421 | D:6      | Reached skill level 4 in Spellcasting
  4465 | D:6      | Noticed Eustachio
  4485 | D:6      | Killed Eustachio
  4486 | D:6      | Reached skill level 5 in Translocations
  4491 | D:6      | You pick up a book of Burglary and begin reading...
  4491 | D:6      | You add the spells Passwall, Ensorcelled Hibernation and
                  | Swiftness to your library.
  4793 | D:7      | Found Vuavith's Antique Weapon Shoppe.
  4877 | D:7      | Reached XP level 9. HP: 44/74 MP: 13/15
  4901 | D:7      | Reached skill level 5 in Spellcasting
  4914 | D:7      | Reached skill level 6 in Translocations
  4984 | D:7      | Reached ** piety under Cheibriados
  5271 | D:7      | Noticed Joseph
  5314 | D:7      | HP: 17/74 [Joseph/+0 quarterstaff (10)]
  5316 | D:7      | Killed Joseph
  5317 | D:7      | Reached skill level 6 in Spellcasting
  5317 | D:7      | Reached skill level 7 in Translocations
  5505 | D:7      | Found an opulent altar of Gozag.
  5506 | D:7      | Identified the +1 plate armour of Tasacwae {rElec rF++
                  | Int-4}
  5600 | D:7      | Noticed Menkaure
  5613 | D:7      | Killed Menkaure
  5725 | D:7      | Reached skill level 1 in Invocations
  5727 | D:7      | Found an ornate altar of the Wu Jian Council.
  5786 | D:7      | You pick up a book of Weapons and begin reading...
  5786 | D:7      | You add the spells Tukima's Dance and Portal Projectile to
                  | your library.
  5873 | D:7      | You pick up a book of Necromancy and begin reading...
  5873 | D:7      | You add the spells Necrotise, Vampiric Draining and Agony
                  | to your library.
  5998 | D:7      | Found Zin's Purification Station.
  6174 | D:8      | Reached skill level 2 in Invocations
  6177 | D:8      | Reached skill level 8 in Translocations
  6183 | D:8      | Reached XP level 10. HP: 53/81 MP: 18/18
  6198 | D:8      | Reached skill level 9 in Translocations
  6428 | D:8      | Learned a level 3 spell: Teleport Other
  6535 | D:8      | Reached *** piety under Cheibriados
  6653 | D:8      | HP: 8/81 [something (18)]
  6653 | D:8      | Killed from afar by an orc priest

Vanquished Creatures
  Joseph (D:7)
  Sigmund (D:3)
  Eustachio (D:6)
  5 yaks (D:8)
  Menkaure (D:7)
  A water moccasin (D:7)
  2 black bears (D:7)
  3 sky beasts
  An ogre (D:6)
  2 centaurs (D:7)
  2 phantoms (D:5)
  2 bullfrogs (D:8)
  A kobold brigand (D:7)
  4 scorpions
  A necrophage (D:6)
  4 wights (D:6)
  4 hounds
  2 gnoll boudas
  3 orc priests
  2 jellies
  4 iguanas
  7 orc wizards
  8 adders
  15 gnolls
  A white imp (D:7)
  2 ufetubi
  A worm (D:2)
  2 dart slugs
  20 orcs
  4 endoplasms
  A giant cockroach (D:1)
  5 goblins
  5 hobgoblins
  2 jackals (D:5)
  4 kobolds
  3 quokkas
  9 ball pythons
  2 bats (D:2)
  4 frilled lizards
  5 rats
147 creatures vanquished.

Vanquished Creatures (others)
  5 plants (D:1)
5 creatures vanquished.

Grand Total: 152 creatures vanquished

Table legend:
 A = Non-vault XP
 B = Vault XP
 C = Vault XP percentage of total XP
 D = Non-vault monster count
 E = Vault monster count
 F = Vault count percentage of total count
                 A         B        C        D         E       F
            +---------+---------+-------+---------+---------+-------
      Total |    3938 |    1797 |  31.3 |     131 |      16 |  10.9
            +---------+---------+-------+---------+---------+-------
        D:1 |      17 |      14 |  45.2 |      12 |       1 |   7.7
        D:2 |      79 |       0 |   0.0 |      18 |       0 |   0.0
        D:3 |      93 |     231 |  71.3 |      17 |       4 |  19.0
        D:4 |     426 |       0 |   0.0 |      19 |       0 |   0.0
        D:5 |     427 |       0 |   0.0 |      15 |       0 |   0.0
        D:6 |     626 |     203 |  24.5 |      12 |       1 |   7.7
        D:7 |     739 |    1349 |  64.6 |      16 |      10 |  38.5
        D:8 |    1531 |       0 |   0.0 |      22 |       0 |   0.0
            +---------+---------+-------+---------+---------+-------

Illustrated notes

Table legend:
 A = Kills in this place as a percentage of kills in entire the game.
 B = Kills by you in this place as a percentage of kills by you in the entire game.
 C = Kills by friends in this place as a percentage of kills by friends in the entire game.
 D = Other kills in this place as a percentage of other kills in the entire game.
 E = Experience gained in this place as a percentage of experience gained in the entire game.
 F = Experience gained in this place divided by the number of levels of this place that you have seen.
                   A       B       C       D       E      F
               +-------+-------+-------+-------+-------+----------------------
         Total | 100.0 | 100.0 |   N/A |   N/A | 100.0 | 637.2
       Dungeon | 100.0 | 100.0 |   N/A |   N/A | 100.0 | 716.9
               +-------+-------+-------+-------+-------+----------------------

Table legend: (Time is in decaauts)
 A = Elapsed time spent in this place.
 B = Non-inter-level travel time spent in this place.
 C = Inter-level travel time spent in this place.
 D = Time resting spent in this place.
 E = Time spent auto-exploring this place.
 F = Levels seen in this place.
 G = Mean time per level.
                   A        B        C        D        E       F      G
               +--------+--------+--------+--------+--------+-----+--------+
         Total |   7258 |   6979 |    279 |    950 |   4558 |   9 |  806.4 |
       Dungeon |   7241 |   6971 |    270 |    950 |   4558 |   8 |  905.1 |
        Temple |     16 |      8 |      8 |      0 |      0 |   1 |   16.0 |
               +--------+--------+--------+--------+--------+-----+--------+

Top non-repeatable levels by time:
     D:7: 1367 daAuts
     D:6: 1333 daAuts
     D:3: 1065 daAuts
     D:4: 858 daAuts
     D:1: 823 daAuts
     D:5: 609 daAuts
     D:2: 598 daAuts
     D:8: 584 daAuts
  Temple: 16 daAuts
